[Event "2022 Intermat: WA vs BC"]
[Site "Chess.com"]
[Date "2022.04.23"]
[Round "1"]
[White "Velea, Anne-Marie"]
[Black "Huang, Patrick"]
[Result "1-0"]
[ECO "B06"]
[WhiteElo "2207"]
[BlackElo "2240"]
[Annotator "Anne-Marie Velea"]
[PlyCount "139"]
[EventDate "2022.04.23"]
[EventType "match"]
[EventRounds "2"]
[TimeControl "5400+30"]

1. e4 g6 2. d4 Bg7 3. Nc3 d6 4. f4 a6 (4... Nf6 {or}) (4... c6 {are more
popular}) 5. Nf3 b5 6. a3 (6. Bd3 {was slightly better for white}) 6... Nd7 7.
Be3 Bb7 8. Bd3 c5 9. dxc5 Nxc5 10. Bxc5 dxc5 (10... Bxc3+ 11. bxc3 dxc5 {
was a better choice for black to prevent his g7 bishop from being caged in
after 11. e5}) 11. e5 Bh6 12. g3 b4 13. axb4 cxb4 14. Ne4 Qb6 15. Qe2 a5 16.
Qf2 $1 {a very good option for white in this position; if black trades queens
his position towards the endgame is very deteriorated} Qc7 17. O-O f5 $2 {
this allows the very strong Bb5+} 18. Bb5+ Bc6 $4 (18... Kf8 19. Nc5 Kf7 $18 {
[3.82]}) 19. Qc5 $3 $18 {[6.52] exploiting multiple pins and threatening c6}
Rc8 20. Nd4 $2 {white still has a decisive advantage but} (20. Nd6+ exd6 21.
exd6 Qd7 22. Bxc6 Rxc6 23. Rfe1+ Kf8 24. Ne5 {is more forcing of a bigger
advantage}) 20... Bxb5 21. Qxb5+ Qd7 22. Qxd7+ Kxd7 23. Nd2 e6 24. Rxa5 Rc7 25.
Ra6 Bf8 26. N2b3 Nh6 27. Rd1 Ke7 28. Rxe6+ Kf7 29. Rf6+ Ke8 30. Ra1 Bg7 31.
Ra8+ Ke7 32. Rxh8 Bxh8 33. Rb6 Ng4 34. Rxb4 g5 35. Nxf5+ Ke6 36. Nbd4+ Kd5 37.
h3 {trapping the knight} gxf4 38. gxf4 Bxe5 39. fxe5 Nxe5 40. Ne3+ Kc5 41. Ne6+
Kxb4 42. Nxc7 Kc5 43. Kf2 Kd6 44. Ncd5 Kc5 45. Kg3 Kd4 46. Kf4 Ng6+ 47. Kg5 Ke4
48. b4 Ne5 49. b5 Kd4 50. b6 Kc5 51. h4 Nf7+ 52. Kf6 Nd6 53. Kg7 h5 54. Kg6 Kb5
55. Kxh5 Kc5 56. Kg6 Kd4 57. h5 Ke5 58. h6 Ke6 59. h7 Nf7 60. b7 Ne5+ 61. Kg7
Nf7 62. b8=Q Ne5 63. Qc8+ Nd7 64. Qc6+ Ke5 65. Qxd7 Kd4 66. Qg4+ Kc5 67. Qc4+
Kd6 68. Kf6 Kd7 69. Qc7+ Ke8 70. Qe7# {Anne-Marie won by checkmate} 1-0

[Event "2022 Intermat: WA vs BC"]
[Site "Chess.com"]
[Date "2022.04.23"]
[Round "1"]
[White "Nallabothula, Varin"]
[Black "Ping-Ying Wu, Nathan"]
[Result "1/2-1/2"]
[ECO "C42"]
[WhiteElo "1706"]
[BlackElo "2054"]
[Annotator "Varin Nallabothula"]
[PlyCount "122"]
[EventDate "2022.04.23"]
[EventType "match"]
[EventRounds "2"]
[TimeControl "5400+30"]

1. e4 e5 2. Nf3 Nf6 3. Nxe5 Nc6 {My opponent played the Stafford Gambit, which
was surprising since I was expecting a Scandinavian} 4. Nxc6 dxc6 5. d3 {
The main move in order to solidify with Be2 and then castling, staying up the
pawn} Bc5 6. Be2 h5 (6... Ng4 7. Bxg4 Qh4 {This is another variation that
gives more attacking opportunities for black}) 7. h3 Qd4 8. O-O Qd6 9. Bf3 {
Here I played Bf3 in order to threaten e5 with the fork followed by Re1 in
order to apply pressure but I completely ignored ...Ng4} Ng4 10. e5 $1 {
The only saving move here in order to divert the queen since taking with the
pawn or bishop will open up the h-file for a clear attack} (10. Bxg4 hxg4 11.
e5 Qg6) 10... Nxe5 11. Re1 Be6 12. Nc3 {Here I played Nc3 instead of grabbing
the pawn on h5 since I didn't want to allow any attacking play for black on
the kingside} Nxf3+ 13. Qxf3 O-O-O 14. Be3 {I decided to offer a trade of dark
squared bishops here, because his bishop was very active and could be crucial
for his kingside attack in the future} Bxe3 15. Rxe3 g5 {Going for the g4
break to open up the h-file} 16. Ne4 Qb4 17. Qf6 $1 {This was a crucial move
here since it applies pressure on the g5 pawn, while defending b2, and
stopping f5 from kicking out my knight} Rhg8 18. a3 Qb5 19. Nd2 Rg6 20. Qe5 {
I offered a queen trade here since the endgame looked more promising for me}
Qd5 21. Rae1 b6 22. Nc4 Rgg8 23. Qf6 {Threatening Re5} Rg6 24. Qe5 Qd7 25. Qc3
{Clearing the e5 square for the knight while focusing on the c6 pawn} Bxc4 26.
Qxc4 Qd5 27. Qa6+ {This was a little over ambitious, queen trading and placing
my rooks on the 7th rank was probably stronger} Kb8 28. Qa4 Kb7 29. Re5 Qd6 30.
Qe4 Qf6 31. c3 Qf4 32. d4 Qxe4 33. R1xe4 Rd5 34. Kh2 $2 {A missed opportunity
here, Rxd5 and then f4 would prove better} (34. Rxd5 cxd5 35. Re5 Kc6 36. f4 $1
f6 37. f5 $1 Rg7 38. Re6+ Kb5 39. Rxf6) 34... a5 35. h4 f6 36. Re7 Rf5 37. Kg1
{Here I went back with Kg1, since f3 would lead up to gxh4 followed by Rfg5
giving him activity} Rb5 38. b4 axb4 39. axb4 gxh4 40. Rxh4 Rg4 41. Rxg4 hxg4
42. Kh2 Rd5 43. Kg3 c5 44. bxc5 bxc5 45. Re4 cxd4 46. cxd4 {Rxd4 would've
given me an extra pawn, but the endgame is still drawn} f5 47. Re5 Rxd4 48.
Rxf5 Kb6 49. f4 (49. Rf4 $5 Rxf4 50. Kxf4 c5 51. Kxg4 Kb5 52. Kf3 Kb4 53. Ke2
Kb3 54. g4 c4 55. g5 c3 56. g6 c2 57. g7 c1=Q 58. g8=Q+) 49... gxf3 50. Kxf3 c5
51. g4 c4 52. Rf4 Kc5 53. Rxd4 Kxd4 54. Ke2 Kc3 55. g5 Kb2 56. g6 c3 57. g7 c2
58. g8=Q c1=Q 59. Qb8+ Kc2 60. Qc7+ Kb2 61. Qxc1+ Kxc1 {Game drawn by
insufficient material Overall it was a nice and interesting battle with some
chances for me, but my opponent put up a solid defense so in the end it was a
draw.} 1/2-1/2

[Event "2022 Intermat: WA vs BC"]
[Site "Chess.com"]
[Date "2022.04.23"]
[Round "1"]
[White "Harish, Neeraj"]
[Black "Boroomand, Arya"]
[Result "1-0"]
[ECO "B00"]
[WhiteElo "1734"]
[BlackElo "1600"]
[Annotator "Neeraj Harish"]
[PlyCount "89"]
[EventDate "2022.04.23"]
[EventType "match"]
[EventRounds "2"]
[TimeControl "5400+30"]

{Before this game while I was checking the pairings, I saw that Washington was
higher rated on grades K-7, but were underdogs in the higher grades. Assuming
all results are accurate to rating, to win the match it would mean Washington
had to win sixth grade to win the match} 1. e4 e6 2. d4 b6 {going into the
game I was not familiar with this opening but, I got an advantage quickly} 3.
Bd3 Bb7 4. Nf3 Nf6 (4... c5 {is the main line and the move I expected him to
play.}) 5. Qe2 (5. Nc3 {runs into} Bb4 {and white is better, though there is
some pressure black has on the center}) 5... d5 {This move looked weird to me
because black played b6-Bb7 and then blocks his powerful bishop with d5} (5...
c5 {here this is not as good as after} 6. d5 $16 {Qe2 is eyeing the black king}
) 6. e5 {Now white has a very good version of the French. In the French black
usually wants to play Bc8-a6 in one go and trade of his bad bishop. In this
case, black has already wasted a tempo with Bb7 and he anyway cannot play Ba6
because of Qe2} Nfd7 (6... Ne4 7. Nbd2 $16 {and white is doing very well} (7.
O-O c5 $16 {was a little worrying for me, though the engines say that 7.0-0 is
the strongest move in that position})) 7. c3 c5 8. h4 $5 h6 9. Be3 Nc6 10. a3
a6 11. b4 {I had seen a similar idea in the French advanced variation to try
and block the queenside, though it is not as great here} (11. h5 $16 {is
stronger as it gains space on the kingside and black cannot create anything on
the queenside}) 11... c4 12. Bc2 b5 13. Nbd2 Be7 $6 {the bishop is no better
on e7 than it is on f8. At some point, white will play Nh2, Qg4 and g7 will be
a problem} (13... a5 {was better as the bishop might not need to move from f8
at all} 14. O-O Nb6 $14 {and black is close to equalizing}) 14. h5 a5 15. O-O
a4 $4 {Now black has no counterplay and white can freely roll on the kingside}
(15... Nb6 {black has to keep the tension on the queenside as that is were his
source of counterplay is} 16. Nh2 Na4 {and black is ok}) 16. Nh2 $18 Qc7 17. f4
f5 $6 (17... O-O-O {is a better defense but white is still dominating after}
18. f5 Rdg8 19. Ng4 $18) 18. exf6 (18. g4 $18 {was even stronger, but my move
still wins}) 18... Nxf6 19. Bg6+ Kd7 20. Ng4 Raf8 21. f5 {now white crashes
through} e5 22. Nxe5+ Nxe5 23. Bf4 Kd8 24. dxe5 Ne8 25. Nf3 $1 {black is
devoid of counterplay, so instead of trying to cash in immediately, it is best
for white to bring all the pieces to the party} Bc8 26. g4 Qb6+ 27. Kg2 Nc7 28.
Nd4 Bd7 29. Rae1 {now every one of the white pieces is developed and well
positioned. 10 out of 10 times when you have all your pieces in the attack,
there will be a tactical opportunity} Be8 (29... Kc8 30. f6 $18 {comes anyway})
30. f6 $1 gxf6 31. exf6 Bxf6 32. Bxc7+ Kxc7 33. Ne6+ Kb8 34. Nxf8 Rxf8 35. Bxe8
Qb7 36. Qe6 d4+ 37. Bc6 {now the bishop on f6 is lost as well} Qc7 38. Rxf6 Rd8
39. Rf7 d3 40. Rxc7 d2 41. Rb7+ Ka8 42. Rxb5+ Ka7 43. Qe7+ Rd7 44. Qxd7+ Ka6
45. Qb7# 1-0